 Dungeon Crawl Stone Soup version 0.24-a0-249-g2af7e83 (webtiles) character file.

Game seed: 9249235887246199989

4 mopl the Charmwright (level 1, 3/12 HPs)
             Began as a Deep Elf Skald on Apr 13, 2019.
             Quit the game on level 1 of the Dungeon.
             The game lasted 00:00:35 (113 turns).

mopl the Charmwright (Deep Elf Skald)                Turns: 113, Time: 00:00:36

Health: 3/12       AC:  3    Str:  8    XL:     1   Next: 58%
Magic:  4/6        EV: 12    Int: 17    God:
Gold:   0          SH:  0    Dex: 14    Spells: 5/6 levels left

rFire    . . .     SeeInvis .   a - +0 short sword
rCold    . . .     Gourm    .   (no shield)
rNeg     . . .     Faith    .   b - +0 leather armour
rPois    .         Spirit   .   (no helmet)
rElec    .         Reflect  .   (no cloak)
rCorr    .         Harm     .   (no gloves)
MR       .....                  (no boots)
Stlth    +.........             (no amulet)
HPRegen  0.04/turn              (no ring)
MPRegen  0.10/turn              (no ring)

@: lethally poisoned (3 -> -6), infused (expiring)
A: no striking features
a: no special abilities


You were on level 1 of the Dungeon.
You were not hungry.

You visited 1 branch of the dungeon, and saw 1 of its levels.

Inventory:

Hand Weapons
 a - a +0 short sword (weapon)
 e - a +1 short sword of venom
Armour
 b - a +0 leather armour (worn)
Scrolls
 c - a scroll of remove curse {unknown}
Comestibles
 d - a ration


   Skills:
 - Level 1.5 Fighting
 + Level 2.4 Short Blades
 - Level 0.7 Armour
 - Level 2.4 Dodging
 - Level 3.0 Spellcasting
 - Level 4.4 Charms


You had 5 spell levels left.
You knew the following spells:

 Your Spells              Type           Power        Failure   Level  Hunger
a - Infusion              Chrm           ###.         4%          1    None

Your spell library contained the following spells:

 Spells                   Type           Power        Failure   Level  Hunger
 Song of Slaying          Chrm           ###.....     6%          2    ##.....
 Shroud of Golubria       Chrm/Tloc      ##........   16%         2    ##.....
 Regeneration             Chrm/Necr      ##........   30%         3    ###....
 Spectral Weapon          Hex/Chrm       ##......     30%         3    ###....


Dungeon Overview and Level Annotations

Branches:
Dungeon (1/15)

Altars:


Message History

You barely miss the kobold. The kobold barely misses you.
You closely miss the kobold.
The kobold hits you with a +1 short sword of venom.
You are lethally poisoned!
You hit the kobold!
You kill the kobold!
You feel sick.
No target in view!
No target in view!
You aren't carrying any potions.
You feel sick.
Things that are here:
a +1 short sword of venom; a +0 short sword; a kobold corpse
e - a +1 short sword of venom You feel sick.
You feel sick.
Your magical infusion is running out.
* * * LOW HITPOINT WARNING * * *
You feel sick.
Are you sure you want to abandon this character and quit the game? (Confirm with "yes".)

####### #...... ####
##..##. #... #......
#.###### ### #......
#.#....##
..#.#.[....
#.....###.##.#......
#..@..)....#.#......
#....###.###.#......
#^..####.# .#######
######..># ..... #
#.### ####### # #.#
#...# #.# #.#
#.#.###.# ##.#
#.#.#.... #..#
##.#.#.# #


There were no monsters in sight!

Vanquished Creatures
  4 kobolds (D:1)
4 creatures vanquished.

Notes
Turn   | Place    | Note
-------+----------+-------------------------------------------
     0 | D:1      | mopl the Deep Elf Skald began the quest for the Orb.
     0 | D:1      | Reached XP level 1. HP: 12/12 MP: 6/6
   113 | D:1      | Quit the game

Levels and vault maps discovered:
D:1:      scummos_arrival_simple_fountains, layout_loops_ring,
          serial_co_window_serial, co_window_paths_b, co_window_corner_a,
          co_window_paths_b, co_window_paths_a, co_window_corner_a,
          co_window_2corner, co_window_2corner, co_window_broadway_b,
          co_window_of_opportunity_b, co_window_corner_ca,
          co_window_of_opportunity_b, co_window_broadway_c, glass_columns_b,
          glass_columns_a, minmay_lizard_king

Action                   || total
-------------------------++-------
Melee: Short sword       ||    14
 Cast: Infusion          ||     2
Armor: Leather armour    ||     1
Dodge: Dodged            ||     9

Table legend:
 A = Non-vault XP
 B = Vault XP
 C = Vault XP percentage of total XP
 D = Non-vault monster count
 E = Vault monster count
 F = Vault count percentage of total count
                 A         B        C        D         E       F
            +---------+---------+-------+---------+---------+-------
      Total |       7 |       0 |   0.0 |       4 |       0 |   0.0
            +---------+---------+-------+---------+---------+-------
        D:1 |       7 |       0 |   0.0 |       4 |       0 |   0.0
            +---------+---------+-------+---------+---------+-------
